cohdb
Replays
Latest Replays
All Replays
Popular Replays
Top Player Replays
Match Explorer
How It Works
Community
CoH3 Stats
Reddit
Sign in to upload your games and track your stats! →
Sign in with Steam
Match 45881508
Unlisted
Match 45881508
Overview
Messages
Build Orders
End
Selects Armored Support Battlegroup
Panzergrenadier Squad
Panzergrenadier Squad
250 Light Carrier
Construct Light Support Kompanie
Selects Superior Fire Drills
2.5-tonne Medical Truck
Combat Half-tracks
Fire Support Elements
Vehicle Survival Package
Flakvierling Half-track
Selects Salvage Kits
Veteran Squad Leaders
Selects Panzer Storm
Pak 38 Mechanized Group
Construct Panzerarmee Kommand
Emergency Repair Kits
Panzer III L Medium Tank
Rapid Advance
Selects Stuka Dive Bomb
Panzer III L Medium Tank
Advanced Optics
Stuka Dive Bomb
Tungsten Core Ammunition
Stuka Dive Bomb
Panzer III L Medium Tank
2.5-tonne Medical Truck
Stuka Dive Bomb
Panzer III L Medium Tank
Pak 38 Anti-tank Gun Team
Pak 38 Anti-tank Gun Team
Panzerjäger Mechanized Group
Panzer III L Medium Tank
Stuka Dive Bomb
Walking Stuka Rocket Launcher
Selects Flammpanzer III Medium Tank
Selects Battlefield Salvage
Panzer III L Medium Tank
Battlefield Salvage
Stuka Dive Bomb
Yule
欧阳黑奔
旧时光
两杆大长枪
QSC
Shrugged
Dark Angels
Tirant
0
0
Comments
sign in to comment!
No comments posted yet!